[Event "Team 45 45 League T42"]
[Site "Internet Chess Club"]
[Date "2009.08.15"]
[Round "3"]
[White "quaksterjohny"]
[Black "fishhead"]
[Result "0-1"]
[WhiteElo "1458"]
[BlackElo "1856"]
[Opening "Alekhine's defense: Scandinavian variation"]
[ECO "B02"]
[Time "19:00:20"]
[TimeControl "2700+45"]

1. e4 Nf6 2. Nc3 d5 3. exd5 Nxd5 4. Bc4 c6 5. Qf3 Be6 6. Nge2 f6 7. Bxd5 Bxd5 8.
Nxd5 Qxd5 9. Qxd5 cxd5 10. Nf4 Nc6 11. Nxd5 O-O-O 12. Ne3 e5 13. O-O Bc5 14. d3
h5 15. Bd2 e4 16. Bc3 exd3 17. cxd3 Rxd3 18. Rad1 Rhd8 19. Rxd3 Rxd3 20. Nf5 Rd7
21. Ng3 g6 22. Bxf6 Nb4 23. Ne4 Bb6 24. Rc1+ Bc7 25. Be5 Nxa2 26. Rxc7+ Rxc7 27.
Bxc7 Kxc7 28. f3 Nc1 29. g4 a5 30. Nc3 Nd3 31. Nd1 b5 32. gxh5 gxh5 33. Nc3 Kc6
34. Nd1 a4 35. Kf1 Nxb2 36. Nxb2 a3 37. Nd3 Kd5 38. Ke2 Kc4 39. Nc1 b4 40. Kd1
b3 41. f4 a2 42. f5 a1=Q 43. f6 b2 44. f7 bxc1=Q+ 45. Ke2 Qe5+ 46. Kf2 Qce1+ 47.
Kg2 Q5e4+ 48. Kh3 Qg4# {White checkmated} 0-1

[Event "Team 45 45 League T42"]
[Site "Internet Chess Club"]
[Date "2009.08.13"]
[Round "3"]
[White "Zappy"]
[Black "SpeedBlade"]
[Result "1-0"]
[WhiteElo "1572"]
[BlackElo "1403"]
[Opening "Caro-Kann: Panov-Botvinnik attack, 5...g6"]
[ECO "B14"]
[Time "12:02:51"]
[TimeControl "2700+45"]

1. e4 c6 2. d4 d5 3. exd5 cxd5 4. c4 Nf6 5. Nc3 g6 6. Bf4 Bg7 7. Nf3 dxc4 8.
Bxc4 O-O 9. O-O Nc6 10. h3 Nh5 11. Be3 Bf5 12. g4 Bd7 13. gxh5 Bxh3 14. hxg6
hxg6 15. Ng5 Bxf1 16. Qxf1 Nxd4 17. Qh3 Re8 18. Qh7+ Kf8 19. Bxd4 Qxd4 20. Ne6+
fxe6 21. Bxe6 Qf6 22. Qg8# {Black checkmated} 1-0

[Event "Team 45 45 League T42"]
[Site "Internet Chess Club"]
[Date "2009.08.17"]
[Round "3"]
[White "joshtournman"]
[Black "imawesome"]
[Result "1/2-1/2"]
[WhiteElo "1505"]
[BlackElo "1456"]
[Opening "Sicilian: Grand Prix attack"]
[ECO "B21"]
[Time "18:59:09"]
[TimeControl "2700+45"]

1. e4 c5 2. f4 Nc6 3. Nf3 g6 4. Bb5 d6 5. O-O Bd7 6. Bxc6 Bxc6 7. d3 Bg7 8. Nc3
Nf6 9. h3 O-O 10. Be3 c4 11. e5 Nd5 12. Nxd5 Bxd5 13. exd6 Qxd6 14. dxc4 Bxc4
15. Qxd6 exd6 16. Rfe1 Bxb2 17. Rab1 Bc3 18. Red1 b6 19. Rxd6 Bxa2 20. Rbd1 Bb4
21. Rd7 Be6 22. Rc7 Rfc8 23. Rxc8+ Rxc8 24. Ra1 Ba5 25. Nd4 Bf5 26. Nxf5 gxf5
27. Ra2 Kf8 28. Kf2 Ke7 29. Ke2 Kd6 30. Bd2 Bxd2 31. Kxd2 Rc7 32. Ra3 a5 33. c3
Rc4 34. g3 a4 35. Kd3 b5 36. Ra2 Kd5 37. Rb2 Kc5 38. Re2 Re4 39. Ra2 h5 40. g4
hxg4 41. hxg4 Rxf4 42. g5 Rg4 43. Re2 Rxg5 44. Re7 a3 45. Rxf7 a2 46. Ra7 Rg2
47. Ke3 Kc4 48. Ra3 Rc2 49. Kf4 b4 50. cxb4 Kxb4 51. Ra7 Rf2+ 52. Ke3 Rc2 53.
Kf4 Rc5 54. Rxa2 Kb3 55. Re2 Kc3 56. Re5 {Game drawn by mutual agreement}
1/2-1/2

[Event "Team 45 45 League T42"]
[Site "Internet Chess Club"]
[Date "2009.08.21"]
[Round "3"]
[White "Campagnolo"]
[Black "DavidBarnsley"]
[Result "0-1"]
[WhiteElo "2016"]
[BlackElo "2092"]
[Opening "Réti: King's Indian attack"]
[ECO "A08"]
[Time "15:03:48"]
[TimeControl "2700+45"]

1. Nf3 d5 2. g3 c5 3. Bg2 Nc6 4. O-O e5 5. d3 f6 6. c4 d4 7. e3 Bd6 8. exd4 cxd4
9. Nbd2 Nge7 10. a3 a5 11. Ne4 Bc7 12. Rb1 a4 13. Re1 O-O 14. b4 axb3 15. Qxb3
Kh8 16. Bd2 Na5 17. Qc2 b6 18. Bb4 Re8 19. Neg5 Kg8 20. Nxe5 Bb7 21. Ne6 Qc8 22.
Nxc7 fxe5 23. Nb5 Bxg2 24. Kxg2 Qc6+ 25. Kg1 Ng6 26. Re4 Rec8 27. Qe2 Nb7 28. h4
h5 29. Qxh5 Nc5 30. Bxc5 bxc5 31. Qg5 Rf8 32. h5 Nh8 33. h6 g6 34. Qxe5 Qf6 35.
Qxf6 Rxf6 36. Re5 Nf7 37. Rxc5 Nxh6 38. Kg2 Ng4 39. Rb2 Raf8 40. Nxd4 Nxf2 41.
Rd2 Ng4 42. Rc6 Ne3+ 43. Kh3 Rf1 44. Rc7 g5 45. Ne6 Rh1+ 46. Rh2 g4+ 47. Kh4
Rxh2+ 48. Kg5 Re8 49. Nf4 Rh7 50. Rc6 Rg7+ 51. Kf6 Rf8+ 52. Ke5 Re7+ 53. Kd4
Nf5+ 54. Kc3 Ra8 55. Rg6+ Rg7 {White resigns} 0-1

[Event "Team 45 45 League T42"]
[Site "Internet Chess Club"]
[Date "2009.08.16"]
[Round "3"]
[White "topadyarpov"]
[Black "nosalt"]
[Result "1/2-1/2"]
[WhiteElo "1817"]
[BlackElo "2003"]
[Opening "Sicilian defense"]
[ECO "B33"]
[Time "08:13:57"]
[TimeControl "2700+45"]

1. e4 c5 2. Nf3 Nc6 3. d4 cxd4 4. Nxd4 Nf6 5. Nc3 e6 6. Be3 Bb4 7. f3 d5 8. Nxc6
bxc6 9. exd5 cxd5 10. Bb5+ Bd7 11. Bxd7+ Qxd7 12. O-O O-O 13. Bd4 Ne8 14. a3 Bd6
15. Re1 Rb8 16. b3 Qc7 17. g3 Bc5 18. Kg2 Bxd4 19. Qxd4 Nd6 20. Rac1 Nf5 21. Qd3
Rfc8 22. Ne2 Qc5 23. Nf4 Qxa3 24. Nxd5 Rd8 25. c4 Qxb3 26. Qxb3 Rxb3 27. Rcd1
exd5 28. Rxd5 Rc8 29. Rxf5 g6 30. Rf4 Rc7 31. Re2 Rc3 32. Ra2 Kg7 33. g4 Kf8 34.
Re4 h6 35. h4 Kg7 36. Rf4 Re7 37. Kg3 Kf8 38. h5 g5 39. Rf6 Kg7 40. Rfa6 Ree3
41. Rf2 Ra3 42. Rxa3 Rxa3 43. c5 Ra6 44. Rc2 Rc6 45. Ra2 a6 46. Kf2 Kf6 47. Ke3
Ke5 48. Ra5 Kd5 49. Kd3 f6 50. Ke3 Kc4 51. Ke4 Kb4 52. Ra1 Kxc5 53. Kf5 Kd4 54.
Kg6 Ke3 55. Ra3+ Kf4 56. Kxh6 f5+ 57. Kg7 fxg4 58. fxg4 Kxg4 59. h6 Rc7+ 60. Kg8
Rc8+ 61. Kg7 Rc7+ 62. Kg8 {Game drawn by mutual agreement} 1/2-1/2

[Event "Team 45 45 League T42"]
[Site "Internet Chess Club"]
[Date "2009.08.17"]
[Round "3"]
[White "ivanson"]
[Black "Nosferatu1"]
[Result "1-0"]
[WhiteElo "1880"]
[BlackElo "1877"]
[Opening "Sicilian: Alapin's variation (2.c3)"]
[ECO "B22"]
[Time "18:46:29"]
[TimeControl "2700+45"]

1. e4 c5 2. c3 d5 3. exd5 Qxd5 4. d4 e6 5. Nf3 Nf6 6. Be3 cxd4 7. cxd4 Be7 8.
Nc3 Qd6 9. Bc4 O-O 10. O-O a6 11. Qe2 b5 12. Bb3 Bb7 13. Rfd1 b4 14. Na4 Bd5 15.
Nc5 Nbd7 16. g3 Rfc8 17. Bf4 Qc6 18. Bxd5 Nxd5 19. Be3 Nxc5 20. dxc5 Nxe3 21.
Qxe3 Bxc5 22. Qf4 Qb6 23. Ne5 Qa7 24. Rd7 Bxf2+ 25. Kg2 Qxd7 26. Nxd7 Rc2 27.
Kh3 Rd8 28. Rf1 Rxb2 29. Rxf2 Rxf2 30. Qxf2 Rxd7 31. Qc5 Rd8 32. Qxb4 h6 33. Qb6
Ra8 34. Qb7 Rd8 35. Qxa6 Rd5 36. a4 Rh5+ 37. Kg2 e5 38. Qb5 g6 39. a5 Kg7 40. a6
e4 41. Qxh5 gxh5 42. a7 f5 43. a8=Q Kf6 44. Qd5 Kg5 45. h4+ Kf6 46. Kf2 f4 47.
gxf4 e3+ 48. Kxe3 Kg6 49. Ke4 Kf6 50. Qd6+ Kf7 51. Kf5 Kg7 52. Qe7+ Kg8 53. Kg6
{Black resigns} 1-0

[Event "Team 45 45 League T42"]
[Site "Internet Chess Club"]
[Date "2009.08.15"]
[Round "3"]
[White "BRAINWAVE"]
[Black "Budzo"]
[Result "1/2-1/2"]
[WhiteElo "1752"]
[BlackElo "1815"]
[Opening "Queen's pawn game"]
[ECO "D00"]
[Time "14:24:26"]
[TimeControl "2700+45"]

1. d4 d5 2. f4 c5 3. e3 Nc6 4. c3 e6 5. Bd3 Nf6 6. Nf3 cxd4 7. exd4 Be7 8. O-O
Bd7 9. Qc2 Qc7 10. Ne5 Rf8 11. Nxc6 Bxc6 12. b4 a6 13. a4 Ne4 14. Bxe4 dxe4 15.
Be3 b5 16. axb5 Bxb5 17. Rc1 Bd3 18. Qb2 f5 19. c4 Kf7 20. c5 Qc6 21. Na3 Rfb8
22. Nc4 Bxc4 23. Rxc4 a5 24. Qb3 axb4 25. Rxa8 Qxa8 26. Rxb4 Rxb4 27. Qxb4 Qc6
28. Bd2 Qa6 29. Kf2 Qd3 30. Be3 Qc2+ 31. Qd2 Qxd2+ 32. Bxd2 Ke8 33. g4 g6 34.
Ke3 Kd7 35. g5 Kc6 36. Ba5 Kd7 37. Kd2 Bd8 38. Bb4 Kc6 39. Ke3 Bc7 40. Be1 Bd8
41. Bd2 Bc7 42. Bc3 Bd8 43. Bd2 Bc7 44. h3 Kb5 45. Bc3 {Game drawn by mutual
agreement} 1/2-1/2

[Event "Team 45 45 League T42"]
[Site "Internet Chess Club"]
[Date "2009.08.13"]
[Round "3"]
[White "Ptzz"]
[Black "eurander"]
[Result "0-1"]
[WhiteElo "2063"]
[BlackElo "2229"]
[Opening "QGD semi-Slav"]
[ECO "D43"]
[Time "10:00:37"]
[TimeControl "2700+45"]

1. d4 d5 2. c4 c6 3. Nf3 Nf6 4. Nc3 e6 5. Bg5 h6 6. Bh4 dxc4 7. e4 g5 8. Bg3 b5
9. a3 Nbd7 10. Be2 Bb7 11. Ne5 Nxe5 12. Bxe5 Bg7 13. h4 Qe7 14. hxg5 hxg5 15.
Rxh8+ Bxh8 16. Qd2 O-O-O 17. Qxg5 Nd5 18. Qxe7 Nxe7 19. Bxh8 Rxh8 20. O-O-O Rh2
21. Bf3 Ng6 22. e5 Nh4 23. Ne4 Nxf3 24. gxf3 c5 25. Nd6+ Kc7 26. Nxb5+ Kb6 27.
Nd6 Bxf3 28. Nxc4+ Kc6 29. Rd2 Rh4 30. Nd6 cxd4 31. Nxf7 Kd5 32. Kc2 Be4+ 33.
Kb3 Rf4 34. Nd6 Kxe5 35. Nxe4 Kxe4 36. Kc4 Kf3 37. Rxd4 e5 38. Rxf4+ exf4 39.
Kb5 Kxf2 40. Ka6 Ke3 41. Kxa7 f3 42. b4 f2 43. b5 f1=Q 44. b6 Qa1 {White
resigns} 0-1

[Event "Team 45 45 League T42"]
[Site "Internet Chess Club"]
[Date "2009.08.13"]
[Round "3"]
[White "pestka"]
[Black "alexdb"]
[Result "1-0"]
[WhiteElo "2214"]
[BlackElo "1943"]
[Opening "English opening"]
[ECO "A05"]
[Time "15:33:30"]
[TimeControl "2700+45"]

1. Nf3 Nf6 2. c4 e6 3. g3 c5 4. Bg2 Be7 5. O-O O-O 6. Nc3 Nc6 7. d4 cxd4 8. Nxd4
a6 9. b3 Qc7 10. Bb2 b6 11. Rc1 Bb7 12. Nd5 Qd8 13. Nxe7+ Qxe7 14. e4 Rfd8 15.
Qe2 Qc5 16. Rfd1 Rac8 17. Rd2 h6 18. Rcd1 Qe7 19. Qe3 Qc5 20. Nxc6 Qxe3 21. Nxd8
Qxd2 22. Rxd2 Rxd8 23. Rd6 Bc6 24. Bxf6 gxf6 25. e5 Rc8 26. exf6 Kh7 27. Bxc6
Rxc6 28. Rxd7 Kg6 29. a4 Kxf6 30. f4 a5 31. Kf2 Rc8 32. Kf3 Rc6 33. Ke4 h5 34.
h3 Rc8 35. g4 hxg4 36. hxg4 Rc6 37. Kd4 Kg6 38. Ke5 f6+ 39. Ke4 Kh6 40. f5 Kg5
41. Rg7+ Kh4 42. Rg6 exf5+ 43. Kxf5 Rc5+ 44. Kf4 Rc6 45. Rh6# {Black checkmated}
1-0

[Event "Team 45 45 League T42"]
[Site "Internet Chess Club"]
[Date "2009.08.18"]
[Round "3"]
[White "PaulKaspar"]
[Black "PrincessChess"]
[Result "1-0"]
[WhiteElo "1868"]
[BlackElo "1716"]
[Opening "Ruy Lopez: Bird's defense"]
[ECO "C61"]
[Time "21:00:53"]
[TimeControl "2700+45"]

1. e4 e5 2. Nf3 Nc6 3. Bb5 Nd4 4. Nxd4 exd4 5. O-O Bc5 6. d3 c6 7. Bc4 d6 8. Re1
Ne7 9. Bg5 O-O 10. Nd2 Kh8 11. Qh5 f6 12. Bf4 b5 13. Bb3 Qe8 14. Qxe8 Rxe8 15.
a4 b4 16. Bc4 Ng6 17. Bg3 Ne5 18. Bb3 Be6 19. Bxe6 Rxe6 20. Nb3 Nf7 21. f4 a5
22. Bf2 Ree8 23. Bxd4 Bxd4+ 24. Nxd4 Ra6 25. c3 Rb8 26. Kf2 Kg8 27. Ke3 bxc3 28.
bxc3 Rab6 29. g4 Nd8 30. h4 Kf7 31. h5 Rb2 32. Re2 Rxe2+ 33. Kxe2 Rb2+ 34. Ke3
Rg2 35. Kf3 Rd2 36. Ke3 Rg2 37. Nf5 d5 38. Rb1 g6 39. Kf3 Ra2 40. Nd6+ Ke6 41.
Rb8 Ke7 42. Nb7 dxe4+ 43. dxe4 Rd2 44. Rxd8 Rxd8 45. Nxd8 Kxd8 46. hxg6 hxg6 47.
Ke3 Ke7 48. Kd4 Kd6 49. g5 fxg5 50. fxg5 c5+ 51. Kc4 Ke5 52. Kxc5 Kxe4 53. Kb5
Kf5 54. c4 Kxg5 55. c5 Kf6 56. c6 Ke7 57. Kb6 g5 58. c7 {Black resigns} 1-0

[Event "Team 45 45 League T42"]
[Site "Internet Chess Club"]
[Date "2009.08.17"]
[Round "3"]
[White "vollmerj"]
[Black "AntonioMendonca"]
[Result "0-1"]
[WhiteElo "1704"]
[BlackElo "1745"]
[Opening "Sicilian: dragon, classical, 8.O-O"]
[ECO "B73"]
[Time "19:10:43"]
[TimeControl "2700+45"]

1. e4 c5 2. Nf3 d6 3. d4 cxd4 4. Nxd4 Nf6 5. Nc3 g6 6. Be2 Bg7 7. O-O Nc6 8. Be3
O-O 9. f3 Qb6 10. Na4 Qb4 11. Nxc6 bxc6 12. c3 Qa5 13. b4 Qc7 14. Nb2 a5 15. a3
Ba6 16. Qd2 Bxe2 17. Qxe2 Nxe4 18. fxe4 Bxc3 19. Qc2 axb4 20. axb4 Bxb4 21. Rxa8
Rxa8 22. Nd3 Ba5 23. Ra1 Kg7 24. Qb2+ f6 25. Nf4 Qc8 26. Kf1 Rb8 27. Qc2 Bb6 28.
Bxb6 Rxb6 29. Rc1 Qa6+ 30. Qc4 Qxc4+ 31. Rxc4 Kf7 32. Nd3 Ke6 33. Nb4 Kd7 34.
Kf2 e6 35. h3 c5 36. Nd3 Kc6 37. Nf4 e5 38. Nd5 Rb2+ 39. Kf3 Kb5 40. Rc3 f5 41.
exf5 gxf5 42. Nf6 c4 43. Nd5 Rb3 44. Ke2 Rxc3 45. Nxc3+ Kb4 46. Kd2 Kc5 47. Ke3
d5 48. Kd2 d4 49. Ne2 Kd5 50. Ng3 f4 51. Nh5 c3+ 52. Kc2 Kc4 53. Nf6 d3+ 54. Kc1
Kb3 55. Ne4 h6 56. Nc5+ Kc4 57. Ne4 Kd4 58. Nf2 h5 59. Kd1 Ke3 60. Nh1 h4 61. g4
fxg3 62. Ke1 g2 63. Ng3 hxg3 64. h4 {White resigns} 0-1

[Event "Team 45 45 League T42"]
[Site "Internet Chess Club"]
[Date "2009.08.14"]
[Round "3"]
[White "AVEMARIA"]
[Black "dinkola"]
[Result "1/2-1/2"]
[WhiteElo "1706"]
[BlackElo "1630"]
[Opening "Alekhine's defense: modern variation, 4...Bg4"]
[ECO "B05"]
[Time "16:03:35"]
[TimeControl "2700+45"]

1. e4 Nf6 2. e5 Nd5 3. d4 d6 4. Nf3 Bg4 5. Be2 Nc6 6. c4 Nb6 7. exd6 exd6 8. O-O
Be7 9. Nc3 O-O 10. b3 Bf6 11. Be3 Re8 12. Rc1 Ne7 13. Ne4 Nf5 14. Nxf6+ Qxf6 15.
Qd2 Nxe3 16. fxe3 Qg6 17. Nh4 Qg5 18. Bxg4 Qxg4 19. Rf4 Qe6 20. Rf3 g6 21. Rcf1
Re7 22. g3 d5 23. c5 Nd7 24. Ng2 c6 25. Qd3 f5 26. b4 Nf6 27. a4 Rae8 28. b5 Ne4
29. Rb1 Ng5 30. Rff1 Qe4 31. Qe2 Qxd4 32. exd4 Rxe2 33. Nf4 Ra2 34. h4 Ne4 35.
Rfe1 Kf7 36. bxc6 bxc6 37. Rb7+ Re7 38. Rxe7+ Kxe7 39. Nd3 Rxa4 40. Ne5 Kd8 41.
Nxc6+ Kc7 42. Ne7 Rxd4 43. Ra1 Nxc5 44. Rxa7+ Nb7 45. Ng8 Kb6 46. Ra8 Rd1+ 47.
Kf2 d4 48. Nf6 Nd6 49. Ke2 Rg1 50. Rd8 Ne4 51. Nxe4 fxe4 52. Rxd4 Rxg3 53. Rxe4
g5 54. Kf2 gxh4 55. Rxh4 Rg7 56. Kf3 Kc6 57. Kf4 Kd6 58. Kf5 Ke7 59. Re4+ Kf7
60. Rh4 Kg8 61. Rh6 Rf7+ 62. Ke6 Ra7 63. Kf5 Kg7 64. Rb6 Ra5+ 65. Kg4 Ra7 66.
Kh5 Rf7 67. Kg5 Ra7 68. Kh5 Ra5+ 69. Kg4 Ra7 70. Kh5 Rf7 71. Kg5 Re7 72. Kf5 h5
73. Rg6+ Kh7 74. Rg5 Kh6 75. Rg6+ Kh7 76. Rg5 {Game drawn by mutual agreement}
1/2-1/2

[Event "Team 45 45 League T42"]
[Site "Internet Chess Club"]
[Date "2009.08.13"]
[Round "3"]
[White "Ernie1"]
[Black "cysk"]
[Result "0-1"]
[WhiteElo "1598"]
[BlackElo "1618"]
[Opening "QGD: Lasker defense, main line"]
[ECO "D57"]
[Time "22:10:41"]
[TimeControl "2700+45"]

1. d4 d5 2. c4 e6 3. Nc3 Nf6 4. Bg5 Be7 5. e3 O-O 6. Nf3 h6 7. Bh4 Ne4 8. Bxe7
Qxe7 9. cxd5 Nxc3 10. bxc3 exd5 11. Ne5 Nd7 12. f4 f6 13. Ng4 h5 14. h3 hxg4 15.
hxg4 Qxe3+ 16. Be2 Qxf4 17. Qc2 f5 18. Rh3 Nf6 19. Rf3 Qxg4 20. O-O-O Qxg2 21.
Rdf1 Ne4 22. c4 Ng3 23. R3f2 Qe4 24. Qxe4 dxe4 25. Rg1 f4 26. c5 e3 27. Bc4+ Kh7
28. Rgg2 {White resigns} 0-1

[Event "Team 45 45 League T42"]
[Site "Internet Chess Club"]
[Date "2009.08.16"]
[Round "3"]
[White "JeeniousChess"]
[Black "slipkid"]
[Result "0-1"]
[WhiteElo "1497"]
[BlackElo "1528"]
[Opening "Polish (Sokolsky) opening"]
[ECO "A00"]
[Time "13:00:15"]
[TimeControl "2700+45"]

1. b4 e5 2. Bb2 e4 3. c4 Nf6 4. a3 c6 5. e3 d5 6. Nc3 Be7 7. Qb3 Be6 8. d4 O-O
9. c5 b6 10. cxb6 axb6 11. Nge2 Bd6 12. Qc2 c5 13. bxc5 bxc5 14. Nb5 Qa5+ 15.
Nec3 Be7 16. Be2 Nc6 17. O-O cxd4 18. Nxd4 Nxd4 19. exd4 Rfc8 20. Rfb1 Bd8 21.
Qb3 Rab8 22. Nb5 Bd7 23. Bc3 Qa6 24. a4 Ba5 25. Bb4 Bxb4 26. Qxb4 Rc2 27. Bf1
Ng4 28. Rb2 Qh6 29. h3 Qf4 30. hxg4 Qxf2+ 31. Kh1 Rxb2 32. Qd6 Qh4+ 33. Kg1 Qd8
34. Qxd5 Bxb5 35. axb5 Qxd5 36. Kh1 h5 37. gxh5 Qxh5+ 38. Kg1 Rd2 39. Ra4 Rd1
40. Ra2 Qxb5 41. Rf2 e3 42. Rf3 e2 43. d5 e1=Q 44. d6 Qexf1+ 45. Rxf1 Qxf1+ 46.
Kh2 Qh1+ 47. Kg3 Rb3+ 48. Kg4 Qxg2+ 49. Kf4 Qf3+ 50. Ke5 Re3# {White checkmated}
0-1

[Event "Team 45 45 League T42"]
[Site "Internet Chess Club"]
[Date "2009.08.18"]
[Round "3"]
[White "MikeA"]
[Black "AngryPirate"]
[Result "1-0"]
[WhiteElo "1340"]
[BlackElo "1441"]
[Opening "French: Fort Knox variation"]
[ECO "C03"]
[Time "19:02:21"]
[TimeControl "2700+45"]

1. e4 e6 2. d4 d5 3. Nd2 dxe4 4. Nxe4 Bd7 5. Nf3 Bc6 6. Bd3 Nd7 7. O-O Ngf6 8.
Ng3 Be7 9. Qe2 O-O 10. Ne5 Nxe5 11. dxe5 Qd5 12. f3 Nd7 13. Rd1 Qxe5 14. Be4 Nf6
15. Bxh7+ {Black resigns} 1-0

[Event "Team 45 45 League T42"]
[Site "Internet Chess Club"]
[Date "2009.08.18"]
[Round "3"]
[White "Fuzzie"]
[Black "fileman"]
[Result "0-1"]
[WhiteElo "1797"]
[BlackElo "1853"]
[Opening "KP: Nimzovich defense"]
[ECO "B00"]
[Time "14:34:26"]
[TimeControl "2700+45"]

1. e4 Nc6 2. Nc3 d6 3. d4 e5 4. d5 Nce7 5. Bc4 f5 6. f3 Nf6 7. Bg5 Ng6 8. Nge2
f4 9. Bxf6 Qxf6 10. Qd3 Qh4+ 11. Kd2 a6 12. Raf1 Be7 13. g3 Qh6 14. Kd1 O-O 15.
g4 Bd7 16. a3 Nh4 17. Kc1 Bxg4 18. fxg4 f3+ 19. Kb1 fxe2 20. Qxe2 Rxf1+ 21. Rxf1
Rf8 22. Rxf8+ Kxf8 23. Qf2+ Qf4 24. Nd1 Qxf2 25. Nxf2 Nf3 26. h3 Nd2+ 27. Kc1
Nxc4 28. Nd3 Bg5+ 29. Kd1 Ne3+ {White resigns} 0-1

[Event "Team 45 45 League T42"]
[Site "Internet Chess Club"]
[Date "2009.08.15"]
[Round "3"]
[White "Portola"]
[Black "Grenadier"]
[Result "1/2-1/2"]
[WhiteElo "1742"]
[BlackElo "1678"]
[Opening "Queen's pawn game"]
[ECO "A46"]
[Time "20:59:19"]
[TimeControl "2700+45"]

1. d4 Nf6 2. Nf3 d6 3. Bg5 Nbd7 4. Nbd2 e5 5. e3 Be7 6. dxe5 Nxe5 7. Be2 O-O 8.
O-O b6 9. Nxe5 dxe5 10. Bf3 Rb8 11. Qe2 Bf5 12. e4 Be6 13. Rfd1 c5 14. c4 Qc7
15. Nf1 Rbd8 16. Ne3 Rxd1+ 17. Rxd1 Rd8 18. Rxd8+ Bxd8 19. Bxf6 Bxf6 20. Nd5 Qd7
21. Qd1 Kf8 22. a4 Bd8 23. b3 a5 {Game drawn by mutual agreement} 1/2-1/2

[Event "Team 45 45 League T42"]
[Site "Internet Chess Club"]
[Date "2009.08.16"]
[Round "3"]
[White "GoIrish"]
[Black "g8wrb"]
[Result "1-0"]
[WhiteElo "1641"]
[BlackElo "1515"]
[Opening "Réti opening"]
[ECO "A05"]
[Time "06:33:01"]
[TimeControl "2700+45"]

1. Nf3 Nf6 2. g3 e6 3. Bg2 Nc6 4. O-O Bc5 5. d3 d5 6. Nbd2 e5 7. e4 b5 8. a3 a5
9. Qe1 Bd6 10. exd5 Nxd5 11. d4 Qf6 12. dxe5 Nxe5 13. Nxe5 O-O 14. Bxd5 Bh3 15.
Bxa8 Rxa8 16. Nd3 Qd4 17. Qe4 Qxe4 18. Nxe4 Bxf1 19. Kxf1 Re8 20. Nxd6 cxd6 21.
Bf4 d5 22. Re1 {Black resigns} 1-0

[Event "Team 45 45 League T42"]
[Site "Internet Chess Club"]
[Date "2009.08.15"]
[Round "3"]
[White "AtomicDog"]
[Black "houseofcook"]
[Result "0-1"]
[WhiteElo "1380"]
[BlackElo "1473"]
[Opening "French: Tarrasch"]
[ECO "C03"]
[Time "09:00:06"]
[TimeControl "2700+45"]

1. e4 e6 2. d4 d5 3. Nd2 dxe4 4. Nxe4 Bd7 5. Bd3 Bc6 6. Nf3 Nd7 7. O-O Ngf6 8.
Re1 Be7 9. Re2 O-O 10. c3 Bxe4 11. Bxe4 Nxe4 12. Rxe4 Nf6 13. Re2 c6 14. Ne5 Nd7
15. Qe1 Nxe5 16. dxe5 Qc7 17. Bf4 Rfd8 18. Kh1 Rd7 19. Bd2 Rad8 20. Rc1 Rd5 21.
f4 R8d7 22. c4 Rd3 23. b4 Qd8 24. Rc2 Bxb4 25. Bxb4 Rd1 26. Bd6 Rxe1+ 27. Rxe1
c5 28. Rd1 b6 29. g3 Qc8 30. a4 Qc6+ 31. Kg1 Qxa4 32. Rcd2 Qxc4 33. Be7 Rxd2
{White resigns} 0-1

[Event "Team 45 45 League T42"]
[Site "Internet Chess Club"]
[Date "2009.08.16"]
[Round "3"]
[White "Knight77"]
[Black "Chessrascal"]
[Result "1-0"]
[WhiteElo "1955"]
[BlackElo "2155"]
[Opening "Réti opening"]
[ECO "A04"]
[Time "15:39:53"]
[TimeControl "2700+45"]

1. Nf3 c5 2. g3 d6 3. Bg2 Nf6 4. O-O g6 5. d3 Bg7 6. e4 O-O 7. Nbd2 Nc6 8. h3 e5
9. Re1 Be6 10. c3 d5 11. exd5 Nxd5 12. Ne4 Qb6 13. Nfg5 Rad8 14. Nxe6 fxe6 15.
Bg5 Rd7 16. Qd2 Rdf7 17. h4 Nce7 18. h5 gxh5 19. Qe2 Nf5 20. Qxh5 Qxb2 21. Reb1
Qc2 22. g4 Nfe7 23. Rxb7 Ng6 24. Rxf7 Rxf7 25. Bf1 Nxc3 26. Rc1 Ne2+ 27. Bxe2
Qxe2 28. Be3 Nf8 29. Rxc5 Qxd3 30. Ng5 Rb7 31. Rc8 h6 32. Nf3 Qd1+ 33. Kg2 Rb1
34. Rc7 Nd7 35. Qe8+ Kh7 36. Qxd7 Qh1+ 37. Kg3 Rg1+ 38. Nxg1 Qxg1+ 39. Kf3 e4+
40. Kf4 e5+ 41. Kf5 {Black resigns} 1-0

[Event "Team 45 45 League T42"]
[Site "Internet Chess Club"]
[Date "2009.08.15"]
[Round "3"]
[White "mcplayerus"]
[Black "makito"]
[Result "0-1"]
[WhiteElo "2030"]
[BlackElo "1892"]
[Opening "Réti: King's Indian attack"]
[ECO "A05"]
[Time "02:06:28"]
[TimeControl "2700+45"]

1. Nf3 Nf6 2. g3 g6 3. c4 Bg7 4. Nc3 O-O 5. Bg2 d5 6. cxd5 Nxd5 7. O-O c5 8. Qb3
Nb4 9. d3 Be6 10. Qd1 N8c6 11. Be3 c4 12. Ng5 Bd5 13. Nxd5 Nxd5 14. Bc1 c3 15.
Rb1 Nd4 16. Ra1 e6 17. Ne4 c2 18. Qd2 f5 19. Nc3 Rc8 20. e3 Nxc3 21. bxc3 Nb3
22. axb3 Bxc3 23. Qxc2 Bxa1 24. Qa2 Bg7 25. Bxb7 Rc7 26. Ba6 e5 27. Ba3 Rf6 28.
Bc4+ Kh8 29. Bb4 Rd7 30. Bc3 Rfd6 31. Qb2 e4 32. d4 Rb7 33. Ra1 Qc8 34. Ra5 h6
35. Qa1 Qd7 36. Qa4 Qxa4 37. Rxa4 Bf6 38. Bb2 Rdb6 39. Kg2 Kg7 40. Ra5 Be7 41.
Rd5 Kf8 42. h4 h5 43. Bc3 Ke8 44. Re5 Rxb3 45. Bxb3 Rxb3 46. Be1 Kd7 47. Ra5 Ra3
48. Re5 Bd6 49. Rd5 Ra4 50. Rb5 Kc6 51. Rb2 a5 52. Rc2+ Kd5 53. Bd2 Ra1 54. Bc3
Ra3 55. Bd2 a4 56. Kf1 Rb3 57. Ke2 a3 58. Bc1 Rb1 59. Kd1 Ra1 60. Ke2 a2 61. Kd2
Bb4+ 62. Ke2 Rb1 63. Rxa2 Rxc1 64. f4 exf3+ 65. Kxf3 Rf1+ 66. Ke2 Re1+ 67. Kf3
Bd6 68. Ra5+ Ke6 69. Kf2 Rc1 70. Rb5 Rc4 71. Ra5 Rc3 72. Rb5 Kd7 73. Rb6 Kc7 74.
Rb2 Kc6 75. Rb1 Rc4 76. Ra1 Kb5 77. Ra7 Rc6 78. Ra1 Kc4 79. Rc1+ Kd5 80. Ra1 Ke4
81. Ra2 Rc3 82. Re2 Ba3 83. d5 Kxd5 84. Kf3 Bc5 85. Re1 Ke5 86. Re2 Rd3 87. Re1
Kd5 88. Re2 Kc4 89. Rc2+ Kb4 90. Rb2+ Kc3 91. Re2 Rd2 92. Re1 Kd3 93. Kf4 Re2
94. Rxe2 Kxe2 95. Kg5 Kf3 96. Kxg6 Kg4 {White resigns} 0-1

[Event "Team 45 45 League T42"]
[Site "Internet Chess Club"]
[Date "2009.08.12"]
[Round "3"]
[White "jonesey"]
[Black "NFork"]
[Result "0-1"]
[WhiteElo "1983"]
[BlackElo "2246"]
[Opening "French: King's Indian attack"]
[ECO "C00"]
[Time "03:12:19"]
[TimeControl "2700+45"]

1. e4 e6 2. d3 d5 3. e5 c5 4. f4 Nc6 5. Nf3 Bd7 6. Be2 Nh6 7. c3 Qb6 8. Na3 Be7
9. Nc2 Nf5 10. d4 cxd4 11. cxd4 h5 12. b3 a5 13. O-O g6 14. Bb2 a4 15. Qd3 O-O
16. Ne3 Nb4 17. Qd2 Nxe3 18. Qxe3 Nc2 19. Qc3 Rfc8 20. Qd2 Nxa1 21. Bxa1 axb3
22. axb3 Qxb3 23. Bd3 Ra2 24. Qe3 Bb5 {White resigns} 0-1

[Event "Team 45 45 League T42"]
[Site "Internet Chess Club"]
[Date "2009.08.18"]
[Round "3"]
[White "PUUNTUUPPAAJA"]
[Black "fledermaus"]
[Result "1/2-1/2"]
[WhiteElo "2149"]
[BlackElo "1985"]
[Opening "Sicilian: Alapin's variation (2.c3)"]
[ECO "B22"]
[Time "15:07:40"]
[TimeControl "2700+45"]

1. e4 c5 2. c3 d5 3. exd5 Qxd5 4. d4 Nc6 5. dxc5 Qxd1+ 6. Kxd1 e6 7. b4 a5 8.
Ba3 Nf6 9. b5 Ne5 10. Nh3 Ne4 11. f4 Ng4 12. Kc2 Bxc5 13. Bd3 Ngf6 14. Re1 Bxa3
15. Nxa3 Nc5 16. Be2 Bd7 17. Bf3 O-O 18. Rad1 Rfd8 19. c4 Rac8 20. Nb1 Kf8 21.
Nc3 b6 22. a4 Be8 23. g4 Rxd1 24. Rxd1 Ke7 25. g5 Nfd7 26. Nf2 f6 27. h4 Bg6+
28. Kb2 Bf5 29. Bg4 Bxg4 30. Nxg4 Nb7 31. Kb3 Ndc5+ 32. Ka3 Nd6 33. Ne3 Nde4 34.
Nxe4 Nxe4 35. f5 fxg5 36. fxe6 Kxe6 37. hxg5 Nxg5 38. Rd4 Ke5 39. Rg4 Ne6 40.
Nd5 Rb8 41. Ne7 Rb7 42. Nd5 g5 43. Rg1 Kd4 44. Rg4+ Ke5 45. Rg1 Kd4 46. Rd1+
Kxc4 47. Ne3+ Kc3 48. Rd6 Nd4 49. Nd5+ Kc4 50. Nxb6+ Kc5 51. Nc8 Nxb5+ 52. axb5
Rxb5 53. Rh6 Rb7 54. Nd6 Rg7 55. Ne4+ {Game drawn by mutual agreement} 1/2-1/2